 Dungeon Crawl Stone Soup version 0.30-a0-862-g1aabd4f9c5 (webtiles) character file.

Game seed: 15939036623085183452

145 bande the Covered (level 5, -2/33 HPs)
             Began as a Gargoyle Fighter on Mar 10, 2023.
             Slain by a killer bee (6 damage)
             ... on level 3 of the Dungeon.
             The game lasted 00:04:41 (2970 turns).

bande the Covered (Gargoyle Fighter)                Turns: 2970, Time: 00:04:41

Health: -2/33      AC: 13    Str: 19    XL:     5   Next: 27%
Magic:  5/5        EV:  9    Int:  9    God:
Gold:   177        SH:  4    Dex: 11    Spells: 4/4 levels left

rFire   . . .      SeeInvis .    a - +0 war axe
rCold   . . .      Faith    .    c - +0 buckler
rNeg    + + +      Spirit   .    b - +0 scale mail
rPois   ∞          Reflect  .    j - +0 helmet
rElec   +          Rampage  .    (no cloak)
rCorr   .                        (no gloves)
Will    .....                    g - +0 pair of boots Stlth
                                 (no amulet)
HPRegen 0.25/turn                e - ring of positive energy
MPRegen 0.09/turn                f - ring of positive energy

@: mighty
A: sickness immunity, AC +4, negative energy resistance 1, electricity
resistance, torment resistance 1, petrification resistance
a: no special abilities


You were on level 3 of the Dungeon.
You visited 1 branch of the dungeon, and saw 4 of its levels.

You collected 177 gold pieces.

Inventory:

Hand Weapons
 a - a +0 war axe (weapon)
Armour
 b - a +0 scale mail (worn)
 c - a +0 buckler (worn)
 g - a +0 pair of boots (worn)
 j - a +0 helmet (worn)
Jewellery
 e - a ring of positive energy (left hand)
 f - a ring of positive energy (right hand)
 p - an amulet of guardian spirit
 t - an amulet of the acrobat
Wands
 s - a wand of mindburst (17)
Scrolls
 l - a scroll of magic mapping
 n - 3 scrolls of silence
 q - a scroll of amnesia {unknown}
 r - a scroll of blinking {unknown}
 u - a scroll of vulnerability {unknown}
Potions
 d - a potion of might
 h - a potion of berserk rage
 i - 2 potions of flight {unknown}
 k - 5 potions of heal wounds {unknown}
 m - 4 potions of curing {unknown}
 o - a potion of lignification {unknown}


   Skills:
 + Level 3.9 Fighting
 + Level 3.4 Axes
 + Level 4.4 Armour
 + Level 3.7 Shields


You had 4 spell levels left.
You didn't know any spells.
Your spell library was empty.

Dungeon Overview and Level Annotations

Branches:
Dungeon (4/15)
 Temple: D:4-7

Altars:


Innate Abilities, Weirdness & Mutations

You are immune to sickness and miasma.
Your stone body is resilient. (AC +4)
You are immune to poison.
You resist negative energy. (rN+)
You are resistant to electric shocks. (rElec)
You are resistant to unholy torment.
You are immune to petrification.


Message History

The jackal bites you but does no damage.
The jackal barely misses you.
The killer bee stings you but does no damage.
The killer bee barely misses you.
The killer bee stings you but does no damage. x3
There is a stone staircase leading up here.
The killer bee stings you.
The killer bee stings you but does no damage. x3
The killer bee barely misses you.
The jackal bites you but does no damage.
The jackal barely misses you.
The killer bee stings you but does no damage.
The killer bee completely misses you. The killer bee barely misses you.
The killer bee closely misses you. The killer bee stings you.
You climb upwards.
There is a stone staircase leading down here.
You can't go up here!
You feel very mighty all of a sudden. The jackal barely misses you.
The jackal bites you but does no damage.
The killer bee stings you but does no damage.
The killer bee misses you. The killer bee closely misses you.
You block the killer bee's attack. The killer bee stings you!
You block the jackal's attack. The jackal misses you.
The killer bee stings you. x2
* * * LOW HITPOINT WARNING * * *
The killer bee stings you.
* * * LOW HITPOINT WARNING * * *
The killer bee completely misses you. The killer bee closely misses you.
You barely miss the killer bee. You slash the killer bee! You hit the jackal.
You kill the jackal!
You closely miss the killer bee. You slash the killer bee!
You barely miss the jackal. You closely miss the killer bee.
The killer bee barely misses you.
The killer bee stings you but does no damage.
The killer bee closely misses you. x2; You block the killer bee's attack.
The jackal bites you but does no damage.
The killer bee stings you but does no damage.
The killer bee stings you.
You die...

######...........####...
#...........###.## ##.#
#.####.####.###.# #.# #.#
#.# #.#...# #.# #.# #.#
#.#<### #.#
##.####.####.#.# #.#
##.#.#.....##.#.# #.#
##.###...y.y##.#.########.#
#.## ##...@h.#............#
#..###...yyy.#...##########
#.#.#.#......#...#
#.##.............#
#.###.###.##.#...#### #.#
#.# #.##........##### #.#
#.# #.##............# #.#
#.# #.##........###.#
#.###.###.##.........##.###


You could see 5 killer bees and a jackal.

Vanquished Creatures
  A killer bee (D:3)
  Terence (D:3)
  2 adders (D:3)
  A worm (D:2)
  A dart slug (D:1)
  5 orcs (D:3)
  4 endoplasms
  A giant cockroach (D:1)
  4 hobgoblins
  A jackal (D:3)
  6 quokkas
  6 ball pythons
  5 bats
  A frilled lizard (D:2)
  4 goblins
  2 kobolds
  3 rats
48 creatures vanquished.

Notes
Turn   | Place    | Note
-------+----------+-------------------------------------------
     0 | D:1      | bande the Gargoyle Fighter began the quest for the Orb.
     0 | D:1      | Reached XP level 1. HP: 14/14 MP: 1/1
   147 | D:1      | Reached XP level 2. HP: 19/19 MP: 2/2
   363 | D:1      | Found Beguf's Assorted Antiques.
   952 | D:2      | Reached XP level 3. HP: 19/23 MP: 3/3
  2020 | D:3      | Reached XP level 4. HP: 29/29 MP: 4/4
  2045 | D:3      | Noticed Terence
  2063 | D:3      | Killed Terence
  2064 | D:3      | Reached skill level 4 in Armour
  2673 | D:3      | Reached XP level 5. HP: 10/33 MP: 5/5
  2970 | D:3      | Slain by a killer bee

Illustrated notes

Levels and vault maps discovered:
D:1:      matt_arrival_grand_opening, layout_basic, serial_shops,
          nicolae_diamond_shop
D:2:      layout_basic, chequers_serial_rivers_micro_d
D:3:      layout_loops_ring, chequers_serial_rivers_room_b, uniq_terence
D:4:      layout_cave_pools, lemuel_coloured_pillars_altar,
          minmay_temple_entry_glassed_door, kennysheep_flooded_box,
          minmay_misc_feat_iff

Skill      XL: |  1  2  3  4 |
---------------+-------------+-----
Axes           | 2 3 |  3.4
Armour         | 4 |  4.4
Fighting       | |  3.9
Shields        | |  3.7

Action                     |  1- 3 |  4- 6 || total
---------------------------+-------+-------++-------
  Melee: War axe           |   130 |    63 ||   193
    Use: Scroll            |     4 |       ||     4
         Potion            |       |     1 ||     1
 Armour: Scale mail        |    90 |    55 ||   145
  Dodge: Dodged            |    74 |    48 ||   122
  Block: Buckler           |    27 |    23 ||    50

Table legend: (Time is in decaauts)
 A = Elapsed time spent in this place.
 B = Non-inter-level travel time spent in this place.
 C = Inter-level travel time spent in this place.
 D = Time resting spent in this place.
 E = Time spent auto-exploring this place.
 F = Levels seen in this place.
 G = Mean time per level.
                   A        B        C        D        E       F      G
               +--------+--------+--------+--------+--------+-----+--------+
         Total |   3052 |   2948 |    104 |    455 |   1966 |   4 |  763.0 |
       Dungeon |   3052 |   2948 |    104 |    455 |   1966 |   4 |  763.0 |
               +--------+--------+--------+--------+--------+-----+--------+

Top non-repeatable levels by time:
     D:3: 1324 daAuts
     D:2: 873 daAuts
     D:1: 847 daAuts
     D:4: 6 daAuts
